 Dungeon Crawl Stone Soup version 0.21.1-1-g345015f (webtiles) character file.

81 Iko the Slasher (level 4, 0/37 HPs)
             Began as a Human Berserker on May 21, 2018.
             Was a Believer of Trog.
             Slain by an adder (4 damage)
             ... on level 4 of the Dungeon.
             The game lasted 00:07:31 (917 turns).

Iko the Slasher (Human Berserker)                    Turns: 917, Time: 00:07:32

Health: 0/37       AC:  5    Str: 18    XL:     4   Next: 67%
Magic:  4/4        EV: 11    Int:  8    God:    Trog [**....]
Gold:   81         SH:  0    Dex: 12    Spells: 3/3 levels left

rFire    . . .     SeeInvis .   g - +0 flail
rCold    . . .     Gourm    .   (no shield)
rNeg     . . .     Faith    .   h - +0 ring mail
rPois    .         Spirit   .   (no helmet)
rElec    .         Reflect  .   (no cloak)
rCorr    .         Harm     .   (no gloves)
MR       .....                  (no boots)
Stlth    +.........             (no amulet)
HPRegen  0.12/turn              (no ring)
MPRegen  0.09/turn              (no ring)

@: lethally poisoned (0 -> -10)
A: no striking features
a: Berserk, Trog's Hand, Burn Spellbooks, Renounce Religion


You were on level 4 of the Dungeon.
You worshipped Trog.
Trog was pleased with you.
You were not hungry.

You visited 1 branch of the dungeon, and saw 4 of its levels.

You collected 81 gold pieces.

Inventory:

Hand Weapons
 g - a +0 flail (weapon)
Armour
 h - a +0 ring mail (worn)
Wands
 f - a wand of polymorph (9)
Potions
 e - 2 potions of flight
Books
 d - a book of Cantrips

   Spells                             Type                      Level
   a - Confusing Touch                Hexes                        1
   b - Animate Skeleton               Necromancy                   1
   c - Summon Small Mammal            Summoning                    1
   d - Apportation                    Translocation                1
   Trog disapproves of the use of such an item.
Comestibles
 c - 3 rations


   Skills:
 + Level 3.7 Fighting
   Level 4.1 Long Blades
 + Level 2.1 Armour
 + Level 2.5 Dodging


You had 3 spell levels left.
You didn't know any spells.

Dungeon Overview and Level Annotations

Branches:
Dungeon (4/15)
 Temple: D:4-7

Altars:

Annotations:
D:3 dscm's ghost, weakling DsNe


Message History

* * * LOW HITPOINT WARNING * * *
The adder bites you but does no damage.
You miss the adder.
The adder is almost dead.
The adder bites you.
* * * LOW HITPOINT WARNING * * *
You closely miss the adder.
The adder is almost dead.
You feel sick.
The adder bites you but does no damage. x2
You closely miss the adder.
The adder is almost dead.
You feel sick. The adder completely misses you. The adder bites you.
* * * LOW HITPOINT WARNING * * *
You are more poisoned.
The adder poisons you!
You closely miss the adder.
The adder is almost dead.
* * * LOW HITPOINT WARNING * * *
You feel sick. The adder bites you but does no damage. The adder bites you.
You die...

.........#
.............# $
.............# ...
#...........<.# ....
+.............#
....#####.............#
.........>..=######...#
.............# #...#
......S@.....# #...#
.............+ #...##
.............# #.....
.............######.....
........................
........................
########................
#................
#................


You could see an adder.

Vanquished Creatures
  Terence (D:3)
  2 adders (D:2)
  An ooze (D:1)
  A worm (D:3)
  2 dart slugs
  2 leopard geckos
  A bat (D:2)
  A giant cockroach (D:2)
  2 goblins
  7 jackals
  A kobold (D:2)
  A frilled lizard (D:1)
  3 rats
25 creatures vanquished.

Notes
Turn   | Place    | Note
-------+----------+-------------------------------------------
     0 | D:1      | Iko the Human Berserker began the quest for the Orb.
     0 | D:1      | Reached XP level 1. HP: 18/18 MP: 1/1
    78 | D:1      | Reached XP level 2. HP: 24/24 MP: 2/2
   135 | D:3      | Noticed dscm's ghost (weakling DsNe)
   273 | D:2      | Reached XP level 3. HP: 21/29 MP: 3/3
   715 | D:3      | Noticed Terence
   726 | D:3      | Killed Terence
   726 | D:3      | Reached skill level 4 in Long Blades
   726 | D:3      | Reached XP level 4. HP: 15/35 MP: 4/4
   728 | D:3      | Reached ** piety under Trog
   917 | D:4      | Slain by an adder

Skill      XL: |  1  2  3 |
---------------+----------+-----
Long Blades    | 4 |  4.1
Fighting       | |  3.7
Armour         | |  2.1
Dodging        | |  2.5

Action                   |  1- 3 |  4- 6 || total
-------------------------+-------+-------++-------
Melee: Falchion          |    57 |     2 ||    59
       Flail             |       |    21 ||    21
Invok: Berserk           |     2 |       ||     2
Evoke: Wand              |     4 |       ||     4
  Use: Potion            |     3 |       ||     3
       Scroll            |     1 |     1 ||     2
 Stab: Sleeping          |     1 |       ||     1
  Eat: Ration            |     1 |       ||     1
Armor: Animal skin       |     7 |       ||     7
       Ring mail         |       |     7 ||     7
Dodge: Dodged            |    37 |    12 ||    49
       Rpst.: Falchion   |    12 |     1 ||    13
